 Dungeon Crawl Stone Soup version 0.27-a0-732-ga892ba84f6 (webtiles) character file.

Game seed: 10569734350348916461

6731 rageheart7 the Cruncher (level 10, -8/91 HPs)
             Began as a Pale Draconian Gladiator on Mar 23, 2021.
             Was a Priest of Cheibriados.
             Mangled by Harold
             ... wielding a +0 scimitar
              (16 damage)
             ... while paralysed by Harold
             ... on level 11 of the Dungeon.
             The game lasted 00:22:00 (10809 turns).

rageheart7 the Cruncher (Pale Draconian Gladiator) Turns: 10809, Time: 00:22:01

Health: -8/91      AC: 16    Str: 38      XL:     10   Next: 75%
Magic:  10/10      EV:  2    Int: 19      God:    Cheibriados [***...]
Gold:   490        SH:  0    Dex: 18 (19) Spells: 9/9 levels left

rFire    + . .     SeeInvis .   D - +5 quarterstaff (vorpal)
rCold    . . .     Faith    .   (shield currently unavailable)
rNeg     . . .     Spirit   .   (armour unavailable)
rPois    .         Reflect  +   b - +1 hat
rElec    .         Harm     .   g - +0 cloak
rCorr    .         Rampage  .   E - +0 pair of gloves of Restlessness {rF+ Str+6 Slay+6}
Will     .....                  C - +1 pair of boots
Stlth    ++........             j - amulet of reflection
HPRegen  0.25/turn              r - +4 ring of protection
MPRegen  0.12/turn              F - +6 ring of strength

@: paralysed, marked, very slow
A: breathe steam, AC +7, unfitting armour, cold-blooded, steam resistance,
clever 1, deterioration 1, screaming 1, wild magic 1
a: Breathe Steam, Renounce Religion, Bend Time, Temporal Distortion


You were on level 11 of the Dungeon.
You worshipped Cheibriados.
Cheibriados was most pleased with you.
You visited 2 branches of the dungeon, and saw 12 of its levels.
You also visited: Sewer.

You collected 490 gold pieces.

Inventory:

Hand Weapons
 a - a +4 dire flail of protection
 h - a +0 lajatang of freezing
 y - the +7 whip "Demonslayer" {venom, *Drain +Fly MP+9 Str+4}
   (You found it on level 6 of the Dungeon)

   It poisons the flesh of those it strikes.
   It affects your strength (+4).
   It affects your magic capacity (+9).
   It lets you fly.
   It causes draining when unequipped.
 D - a +5 vorpal quarterstaff (weapon)
Missiles
 c - 3 throwing nets (quivered)
Armour
 b - a +1 hat (worn)
 g - a +0 cloak (worn)
 C - a +1 pair of boots (worn)
 E - the +0 pair of gloves of Restlessness (worn) {rF+ Str+6 Slay+6}
   (You acquired it on level 10 of the Dungeon)

   It affects your strength (+6).
   It affects your accuracy and damage with ranged weapons and melee attacks
   (+6).
   It protects you from fire.
Jewellery
 d - a ring of flight
 e - a ring of positive energy
 j - an amulet of reflection (around neck)
 r - a +4 ring of protection (right hand)
 w - a +6 ring of dexterity
 F - a +6 ring of strength (left hand)
Wands
 p - a wand of flame (23)
 q - a wand of acid (10)
 x - a wand of digging (4)
Scrolls
 f - 2 scrolls of immolation
 k - a scroll of amnesia
 l - 3 scrolls of enchant weapon
 n - 2 scrolls of holy word
 o - 7 scrolls of teleportation
 s - a scroll of magic mapping
 t - a scroll of fog
 u - a scroll of enchant armour
Potions
 i - a potion of flight
 m - 2 potions of brilliance
 v - a potion of heal wounds
 z - a potion of berserk rage {unknown}
 A - a potion of cancellation {unknown}
 B - 2 potions of curing


   Skills:
 * Level 9.3 Fighting
 * Level 13.4 Staves
 - Level 1.7 Throwing
 + Level 4.2 Dodging
 - Level 2.3 Stealth
 - Level 0.4 Shields


You had 9 spell levels left.
You didn't know any spells.
Your spell library contained the following spells:

 Spells                   Type           Power      Damage    Failure   Level
 Confusing Touch          Hex            0%         N/A       61%         3
 Gell's Gravitas          Tloc           0%         N/A       61%         3
 Petrify                  Tmut/Erth      0%         N/A       94%         4
 Metabolic Englaciation   Hex/Ice        0%         N/A       100%        5
 Yara's Violent Unravell  Hex/Tmut       0%         3d3       100%        5


Dungeon Overview and Level Annotations

Branches:
Dungeon (11/15)            Temple (1/1) D:6            Lair (0/6) D:8
    Orc (0/2) D:9           Sewer (visited)

Altars:
Ashenzari
Cheibriados
Dithmenos
Elyvilon
Fedhas
Gozag
Hepliaklqana
Kikubaaqudgha
Makhleb
Nemelex Xobeh
Okawaru
Qazlal
Ru
Sif Muna
Trog
Uskayaw
Vehumet
Wu Jian
Xom
Yredelemnul
Zin
The Shining One

Shops:
D:1 (   D:8 *:(   D:10 (

Annotations:
D:11 Harold
Abyss:1 Eustachio


Innate Abilities, Weirdness & Mutations

You can breathe blasts of scalding, opaque steam.
Your pale cyan-grey scales are hard. (AC +7)
You cannot fit into any form of body armour.
You are cold-blooded and may be slowed by cold attacks.
You are immune to the effects of steam.
Your mind is acute. (Int +2)
Your body sometimes deteriorates upon taking damage.
You occasionally shout uncontrollably at your foes.
Your spells are a little harder to cast, but a little more powerful.


Message History

The quasit claws you but does no damage.
The boulder beetle curls into a ball and begins rolling!
You thump the quasit! You tail-slap the quasit.
You kill the quasit!
Cheibriados appreciates the change of pace.
Harold hits you with a +0 scimitar!
You hit Harold.
Harold is lightly wounded.
Harold hits you but does no damage.
You thump Harold! You tail-slap Harold.
Harold is moderately wounded.
Harold hits you with a +0 scimitar. The boulder beetle hits you!!!
Ouch! That really hurt!
* * * LOW HITPOINT WARNING * * *
The boulder beetle stops rolling and uncurls.
Harold hits you with a +0 scimitar!
* * * LOW HITPOINT WARNING * * *
You see here a hound corpse.
You feel much better.
The boulder beetle waves its antennae.
The boulder beetle misses you.
Harold points at you and mumbles some strange words.
A sentinel's mark forms upon you.
You feel much better. You block the boulder beetle's attack.
Harold hits you but does no damage.
You feel much better.
The boulder beetle completely misses you.
Harold zaps a wand.
You suddenly lose the ability to move!
The boulder beetle bites you!!
Your body deteriorates!
You feel clumsy.
Harold zaps a wand.
You easily resist.
The boulder beetle bites you. Harold hits you with a +0 scimitar.
The boulder beetle barely misses you. Harold hits you with a +0 scimitar!!
* * * LOW HITPOINT WARNING * * *
The boulder beetle bites you but does no damage.
Harold hits you with a +0 scimitar!
* * * LOW HITPOINT WARNING * * *
The boulder beetle bites you but does no damage.
Harold hits you with a +0 scimitar!
You die...

.. ... ...
##########.#
#..........###
#.........>...
#....B@.......
#.....@....#
#..........#
#######..........#
#................#
####................#
#..))....).........##
#.##.................
#.##...............##
#.########..(..#####


You could see a boulder beetle and Harold.

Vanquished Creatures
  A two-headed ogre (D:9)
  Pikel (D:5)
  A cyclops (D:11)
  Joseph (D:10)
  2 wyverns
  A wraith (D:10)
  Menkaure (D:5)
  2 orc warriors
  2 black bears
  A sky beast (D:5)
  2 ice beasts (D:10)
  4 ogres
  A necrophage (D:10)
  3 phantoms
  3 centaurs
  4 kobold brigands
  Blork the orc (D:5)
  6 bullfrogs
  A wyvern skeleton (D:5)
  2 scorpions
  6 killer bees
  A howler monkey (D:5)
  6 wights
  A quasit (D:11)
  3 bullfrog zombies
  2 orc priests (D:4)
  Crazy Yiuf (D:3)
  7 hounds
  A bullfrog skeleton (D:4)
  2 iguanas (D:5)
  7 orc wizards
  6 worker ants
  A killer bee zombie (D:9)
  2 hound skeletons
  A hound zombie (D:9)
  4 gnolls (D:4)
  3 river rats
  17 adders
  2 shadow imps
  2 white imps
  5 ufetubi
  An adder skeleton (D:5)
  3 worms
  3 dart slugs
  23 orcs
  5 giant cockroaches
  3 goblins
  7 hobgoblins
  7 jackals
  8 oozes
  8 quokkas
  7 ball pythons
  6 bats
  5 frilled lizards
  19 kobolds
  A quokka skeleton (D:4)
  A quokka zombie (D:9)
  12 rats
239 creatures vanquished.

Notes
Turn   | Place    | Note
-------+----------+-------------------------------------------
     0 | D:1      | rageheart7 the Draconian Gladiator began the quest for the
                  | Orb.
     0 | D:1      | Reached XP level 1. HP: 17/17 MP: 1/1
   136 | D:1      | Reached XP level 2. HP: 18/25 MP: 2/2
   561 | D:1      | Found Kirilumu's Weapon Shop.
   913 | D:2      | Reached skill level 4 in Staves
   913 | D:2      | Reached XP level 3. HP: 18/30 MP: 3/3
  1874 | D:2      | Reached XP level 4. HP: 38/38 MP: 4/4
  2396 | D:3      | Found a runed translucent door.
  2397 | D:3      | Noticed Crazy Yiuf
  2813 | D:3      | Killed Crazy Yiuf
  2814 | D:3      | Reached skill level 5 in Staves
  2814 | D:3      | Reached XP level 5. HP: 45/45 MP: 5/5
  2900 | D:4      | Found a glowing drain.
  2928 | Sewer    | Entered a sewer
  3079 | Sewer    | Found a white marble altar of Elyvilon.
  3175 | D:4      | Reached skill level 6 in Staves
  3175 | D:4      | Reached XP level 6. HP: 52/52 MP: 6/6
  3867 | D:4      | Reached skill level 7 in Staves
  3867 | D:4      | Reached skill level 1 in Stealth
  3867 | D:4      | Your scales start taking on a pale cyan-grey colour.
  3867 | D:4      | Reached XP level 7. HP: 20/60 MP: 7/7
  3867 | D:4      | Gained mutation: You are immune to the effects of steam.
                  | [Pale Draconian growth]
  4244 | D:4      | Reached skill level 5 in Fighting
  4275 | D:4      | Noticed Eustachio
  4279 | D:4      | Banished Eustachio
  4280 | D:4      | Reached skill level 8 in Staves
  4483 | D:5      | Entered Level 5 of the Dungeon
  4483 | D:5      | Noticed Blork the orc
  4491 | D:5      | Killed Blork the orc
  4586 | D:5      | Reached XP level 8. HP: 62/69 MP: 8/8
  4594 | D:5      | Noticed Pikel
  4606 | D:5      | Killed Pikel
  4607 | D:5      | Reached skill level 9 in Staves
  4863 | D:5      | Reached skill level 10 in Staves
  5140 | D:5      | Reached XP level 9. HP: 67/78 MP: 9/9
  5218 | D:5      | Noticed Menkaure
  5228 | D:5      | Killed Menkaure
  5572 | D:6      | Found a staircase to the Ecumenical Temple.
  5654 | D:6      | Found a burning altar of Makhleb.
  5658 | D:6      | Noticed a balrug
  5749 | D:6      | Identified the +4 dagger of Ruination {vorpal, rC- Int+3
                  | SInv}
  6019 | D:6      | Identified the +7 whip "Demonslayer" {venom, *Drain +Fly
                  | MP+9 Str+4}
  6044 | Temple   | Entered the Ecumenical Temple
  6233 | Temple   | Became a worshipper of Cheibriados the Contemplative
  6573 | D:7      | Reached skill level 11 in Staves
  6590 | D:7      | Found a blossoming altar of Fedhas.
  6590 | D:7      | Found a shimmering altar of Xom.
  6602 | D:7      | Found a shadowy altar of Dithmenos.
  7046 | D:7      | Found a bloodstained altar of Trog.
  7047 | D:7      | Found a hazy altar of Hepliaklqana.
  7052 | D:7      | Found a glowing golden altar of the Shining One.
  7226 | D:7      | Gained mutation: Your body sometimes deteriorates upon
                  | taking damage. [potion of mutation]
  7226 | D:7      | Gained mutation: You occasionally shout uncontrollably at
                  | your foes. [potion of mutation]
  7226 | D:7      | Gained mutation: Your spells are a little harder to cast,
                  | but a little more powerful. [potion of mutation]
  7226 | D:7      | Gained mutation: Your mind is acute. (Int +2) [potion of
                  | mutation]
  7372 | D:8      | Reached * piety under Cheibriados
  7482 | D:8      | Found Igett's General Store.
  7552 | D:8      | Found a staircase to the Lair.
  7865 | D:8      | Found Nufu Ewnudgh's Book Shop.
  7926 | D:8      | Found Bicvoqar's Weapon Shop.
  8176 | D:8      | Reached skill level 12 in Staves
  8653 | D:9      | Reached ** piety under Cheibriados
  8654 | D:9      | Reached XP level 10. HP: 88/88 MP: 10/10
  8797 | D:9      | Found a staircase to the Orcish Mines.
  9055 | D:9      | Noticed a two-headed ogre
  9059 | D:9      | Killed a two-headed ogre
  9416 | D:10     | Entered Level 10 of the Dungeon
  9430 | D:10     | Identified a scroll of acquirement
  9430 | D:10     | Acquired the +0 pair of gloves of Restlessness {rF+ Str+6
                  | Slay+6}
  9478 | D:10     | Noticed Joseph
  9485 | D:10     | Killed Joseph
 10013 | D:9      | Reached skill level 13 in Staves
 10095 | D:10     | Reached *** piety under Cheibriados
 10211 | D:10     | Found Aplibot's Antique Weapon Shoppe.
 10714 | D:11     | Noticed a cyclops
 10717 | D:11     | Killed a cyclops
 10788 | D:11     | Noticed Harold
 10794 | D:11     | Noticed a boulder beetle
 10804 | D:11     | Paralysed by Harold for 6 turns
 10809 | D:11     | Mangled by Harold

Illustrated notes

Levels and vault maps discovered:
D:1:      dpeg_arrival_arbitrary_c, layout_basic, serial_shops, shop,
          serial_curves, eino_curves_04, eino_curves_03, minmay_nonomino_d4
D:2:      layout_loops_ring
D:3:      layout_basic, minivault_19, uniq_crazy_yiuf_cottage
D:4:      layout_basic, portal_sewer_entry_a, uniq_eustachio
D:5:      layout_rooms, uniq_pikel, uniq_menkaure, uniq_blork_the_orc
D:6:      layout_loops_ring, minmay_temple_entry_enclosed_plants,
          makhleb_altar_promises_db
D:7:      layout_gridville, minitemple, hangedman_glass_teeth
D:8:      layout_basic, lair_entry_dummy, serial_shops, shop, shop, shop
D:9:      layout_basic, orc_0_dummy
D:10:     layout_irregular_city, serial_shops, shop_fountains, uniq_joseph
D:11:     layout_basic, gammafunk_ghost_wrathful_warriors, tgw_fedhas,
          uniq_harold
Temple:   eino_temple_rhombus

Skill      XL: |  1  2  3  4  5  6  7  8  9 10 |
---------------+-------------------------------+-----
Staves         | 4 5 6 7 8 10 12 13 | 13.4
Fighting       | 3 4 5 6 8 9 |  9.3
Stealth        | 1 2 |  2.3
Dodging        | 3 4 |  4.2
Throwing       | |  1.7
Shields        | |  0.4

Action                   |  1- 3 |  4- 6 |  7- 9 | 10-12 || total
-------------------------+-------+-------+-------+-------++-------
Melee: Quarterstaff      |    88 |   151 |   149 |    61 ||   449
       Tailslap          |     4 |     9 |    38 |    14 ||    65
       Lajatang          |       |       |   147 |    22 ||   169
 Abil: Breathe Steam     |       |       |     2 |       ||     2
  Use: Potion            |       |    10 |     1 |     3 ||    14
       Scroll            |       |    11 |     7 |     2 ||    20
 Stab: Sleeping          |     1 |     1 |     5 |     5 ||    12
       Confused          |       |       |     2 |       ||     2
       Paralysed         |       |       |     1 |       ||     1
Armor: Skin              |    25 |    71 |    99 |    34 ||   229
Dodge: Dodged            |    57 |    86 |   172 |    68 ||   383
Block: Other             |       |       |       |    18 ||    18

Table legend: (Time is in decaauts)
 A = Elapsed time spent in this place.
 B = Non-inter-level travel time spent in this place.
 C = Inter-level travel time spent in this place.
 D = Time resting spent in this place.
 E = Time spent auto-exploring this place.
 F = Levels seen in this place.
 G = Mean time per level.
                   A        B        C        D        E       F      G
               +--------+--------+--------+--------+--------+-----+--------+
         Total |  12069 |  11706 |    363 |   1759 |   8307 |  13 |  928.4 |
       Dungeon |  11630 |  11293 |    337 |   1759 |   7966 |  11 | 1057.3 |
        Temple |    203 |    177 |     26 |      0 |    175 |   1 |  203.0 |
         Sewer |    235 |    235 |      0 |      0 |    166 |   1 |  235.0 |
               +--------+--------+--------+--------+--------+-----+--------+

Top non-repeatable levels by time:
     D:9: 1836 daAuts
     D:8: 1450 daAuts
     D:2: 1312 daAuts
    D:10: 1233 daAuts
     D:3: 1113 daAuts
     D:4: 1086 daAuts
     D:5: 1057 daAuts
     D:7: 911 daAuts
     D:1: 771 daAuts
     D:6: 731 daAuts
   Sewer: 235 daAuts
  Temple: 203 daAuts
    D:11: 126 daAuts
